AoeStats
← penguin952730

Baltic

510344271Analyzed
2v2 RM · 2d ago on Sep 30, 2026· 39m 37s· 4 players
Game mode
Random Map
Map size
Medium (4 player)
Population
200
Speed
Normal
Resources
Standard
Victory
Conquest
Starting age
Dark Age
Ending age
Imperial Age
RankedLock teamsTeams togetherTeam positionsShared explorationLock speedFull tech treeHidden civsTurbo modeCheats
Victory
Defeat
🇹🇼 Mongols · Taiwan
1206
+14
🇹🇷 Malians · Türkiye
1168
+15
🇪🇸 Muisca · Spain
1163
-15
🇵🇹 Spanish · Portugal
1140
-14
seher9203
1:58 Loom
11:22 Feudal Age
13:59 Horse Collar
17:19 Castle Age
16:46 Double-Bit Axe
21:51 Arson
25:04 Forging
30:08 Gold Mining
32:08 Wheelbarrow
36:42 Imperial Age
34:17 Scale Mail Armor
34:45 Husbandry
34:56 Bloodlines
35:42 Bloodlines
35:41 Scale Barding Armor
36:30 Iron Casting
37:18 Chain Barding Armor
36:44 Cavalier
38:49 Chain Mail Armor
38:16 Elite Gbeto
penguin952730
11:02 Feudal Age
9:37 Loom
12:06 Double-Bit Axe
14:40 Castle Age
13:11 Horse Collar
14:27 Stone Mining
16:09 Bow Saw
16:06 Heavy Plow
34:06 Gold Mining
37:59 Imperial Age
38:53 Fletching
Toxytocin
7:33 Loom
10:47 Feudal Age
11:26 Town Watch
17:53 Castle Age
Abel
2:59 Loom
12:39 Feudal Age
13:24 Double-Bit Axe
13:19 Horse Collar
13:46 Fishing Lines
19:11 Castle Age
18:47 Gold Mining
20:20 Bow Saw
20:07 Gillnets
21:10 Fletching
21:59 Stone Mining
24:48 Bodkin Arrow
27:57 Padded Archer Armor
28:15 Heavy Plow
28:31 Town Watch
32:31 Ballistics
34:46 Wheelbarrow
36:23 Murder Holes
37:56 Hand Cart
Connection lost

Rejoining the realm…

Still unreachable

The connection could not be restored.

Session expired

The server has moved on; the page needs a fresh start.